 Dungeon Crawl Stone Soup version 0.31-a0-667-g39726597b9 (webtiles) character file.

Game seed: 3516852205364453805

104 GordonOverkill the Sneak (level 4, 0/42 HPs)
             Began as a Tengu Delver on Sept 4, 2023.
             Succumbed to a goblin's poison
             ... on level 2 of the Dungeon.
             The game lasted 00:03:32 (1768 turns).

GordonOverkill the Sneak (Tengu Delver)             Turns: 1768, Time: 00:03:33

Health: 0/42       AC: 22    Str: 10 (11) XL:     4   Next: 80%
Magic:  7/7        EV:  2    Int: 15 (16) God:
Gold:   115        SH:  0    Dex: 13 (15) Spells: 3/5 levels left

rFire   + . .        r - +1 dagger (speed)
rCold   + . .        (no shield)
rNeg    . . .        b - melded +0 leather armour
rPois   +            (helmet currently unavailable)
rElec   +            (cloak currently unavailable)
rCorr   +            (gloves currently unavailable)
SInv    .            (boots unavailable)
Will    .....        (no amulet)
Stlth   +++          (no ring)
HPRegen 0.27/turn    (no ring)
MPRegen 0.10/turn

%: acrobat
@: lethally poisoned (0 -> -1), tree-form, resistant, attractive
A: stationary, stasis, torment immunity, boosted hp, (beak), (talons 3),
acrobatic, clever 1, (electricity resistance)
a: no special abilities


You were on level 2 of the Dungeon.
You were a tree.
You visited 1 branch of the dungeon, and saw 6 of its levels.

You collected 115 gold pieces.

Inventory:

Hand Weapons
 r - a +1 dagger of speed (weapon)
Missiles
 i - 8 javelins
Armour
 b - a +0 leather armour (melded)
 k - a +0 robe
Jewellery
 p - a ring of ice
Wands
 g - a wand of digging (3)
Scrolls
 a - a scroll of summoning {unknown}
 c - 3 scrolls of fog
 d - a scroll of revelation
 e - 2 scrolls of fear
 f - 4 scrolls of identify {unknown}
 m - 2 scrolls of enchant armour {unknown}
Potions
 o - 2 potions of haste


   Skills:
 - Level 3.0 Fighting
 + Level 4.9 Short Blades
 - Level 2.1 Dodging
 - Level 5.0 Stealth
 + Level 1.3 Spellcasting


You had 3 spell levels left.
You knew the following spells:

 Your Spells              Type           Power      Damage    Failure   Level
a - Ensorcelled Hibernat  Hex/Ice        2%         N/A       34%         2

Your spell library contained the following spells:

 Spells                   Type           Power      Damage    Failure   Level
 Ozocubu's Armour         Ice            1%         N/A       56%         3
 Anguish                  Hex/Necr       0%         N/A       93%         4
 Metabolic Englaciation   Hex/Ice        0%         N/A       100%        5
 Simulacrum               Ice/Necr       0%         N/A       100%        6


Dungeon Overview and Level Annotations

Branches:
Dungeon (6/15)
 Temple: D:4-7

Altars:

Annotations:
D:2 Robin


Innate Abilities, Weirdness & Mutations

You are a tree.
Your roots penetrate the ground, keeping you stationary.
You cannot be teleported.
You are immune to unholy pain and torment.
Your maximum health is greatly increased.
Your equipment is partially melded.
((You have a beak for a mouth.))
((You have claws for feet.))
You can magically evade attacks while moving or waiting.
Your mind is acute. (Int +4, Str/Dex -1)
((You are resistant to electric shocks. (rElec)))


Message History

You see here a +0 dagger of venom.
* * * LOW HITPOINT WARNING * * *
You feel very sick.
A goblin comes into view. It is wielding a +0 dagger.
A goblin comes into view. It is wielding a +0 club.
* * * LOW HITPOINT WARNING * * *
You feel sick.
The hobgoblin attacks as it pursues you!
The hobgoblin barely misses you.
* * * LOW HITPOINT WARNING * * *
You feel sick.
* * * LOW HITPOINT WARNING * * *
You feel sick.
It was a potion of degeneration.
There was something very wrong with that liquid.
You feel weakened.
You feel dopey.
You feel clumsy.
* * * LOW HITPOINT WARNING * * *
You feel sick. The hobgoblin closely misses you.
It was a potion of lignification.
You turn into a tree.
Your +0 leather armour melds into your body.
Your roots penetrate the ground.
* * * LOW HITPOINT WARNING * * *
You feel sick. Robin hits you but does no damage.
The hobgoblin hits you but does no damage.
It was a potion of resistance.
You feel protected.
* * * LOW HITPOINT WARNING * * *
You feel sick.
Robin says, "My army is invincible!"
Robin throws the goblin at you! The goblin hits you but does no damage.
The hobgoblin hits you but does no damage.
It was a potion of attraction.
You feel attractive to monsters.
* * * LOW HITPOINT WARNING * * *
You feel sick. Robin hits you but does no damage.
The goblin hits you but does no damage.
The hobgoblin hits you but does no damage.
It was a potion of mutation.
You feel extremely strange.
You feel insulated.
You feel clever.
You die...

#. #..#.####.. #.
#.......... .##
#.##.####.# #. ..#
#.##.# #.# #...######.#
#.##.# #.# #gg.g)g..#
###.##.# #.
#...#####g.###......# #.
#g.....###..####.#
#♣##.#.# #...[...#
......g......###..######
...####.#.#.......#
<..#.........#
############.## #.#
##.## #...# ##.##


You could see Robin, a hobgoblin (strong) and 2 goblins.

Vanquished Creatures
  A hound (D:5)
  3 adders (D:2)
  A white imp (D:5)
  3 ball pythons (D:2)
  3 endoplasms
  2 giant cockroaches
  5 goblins
  3 hobgoblins
  4 jackals (D:1)
  A quokka (D:1)
  3 bats
  2 frilled lizards (D:2)
  4 kobolds
  7 rats
42 creatures vanquished.

Notes
Turn   | Place    | Note
-------+----------+-------------------------------------------
     0 | D:5      | GordonOverkill the Tengu Delver began the quest for the
                  | Orb.
     0 | D:5      | Reached XP level 1. HP: 14/14 MP: 2/2
     1 | D:6      | Noticed a sleepcap
    42 | D:6      | Noticed a hound
    74 | D:5      | Noticed a hound
   243 | D:5      | Killed a hound
   244 | D:5      | Reached XP level 2. HP: 13/19 MP: 3/3
   244 | D:5      | Reached XP level 3. HP: 16/23 MP: 4/4
   623 | D:2      | Learned a level 2 spell: Ensorcelled Hibernation
   749 | D:1      | Found a faded altar of an unknown god.
  1026 | D:1      | Reached XP level 4. HP: 28/28 MP: 5/5
  1573 | D:2      | Reached skill level 1 in Spellcasting
  1747 | D:2      | Noticed Robin
  1765 | D:2      | HP: 2/42 [poisoned by a goblin]
  1768 | D:2      | Gained mutation: You are resistant to electric shocks.
                  | (rElec) [potion of mutation]
  1768 | D:2      | Gained mutation: Your mind is acute. (Int +4, Str/Dex -1)
                  | [potion of mutation]
  1768 | D:2      | Succumbed to a goblin's poison

Illustrated notes

Levels and vault maps discovered:
D:1:      dpeg_arrival_boxorama, layout_basic,
          dreamdust_ecumenical_altar_statues
D:2:      layout_loops_ring, uniq_robin
D:3:      layout_basic, st_stairs_7, chequers_garden, nicolae_grassy_gnolls
D:4:      layout_cave_pods
D:5:      layout_gridville
D:6:      layout_rooms, lemuel_crystal_altar, minmay_temple_entry_grid,
          serial_shops, shop, nicolae_diamond_shop,
          nicolae_shop_pleasant_corner_grove, nicolae_shop_real_fake_doors,
          nicolae_shop_behind_doors, minmay_holes

Skill      XL: |  1  2  3  4 |
---------------+-------------+-----
Short Blades   | 3 4 |  4.9
Spellcasting   | 1 |  1.3
Fighting       | |  3.0
Dodging        | |  2.1
Stealth        | |  5.0

Action                     |  1- 3 |  4- 6 || total
---------------------------+-------+-------++-------
  Melee: Short sword       |    44 |    45 ||    89
         Kick              |     9 |    10 ||    19
         Peck              |     8 |    10 ||    18
         Dagger            |       |    24 ||    24
         Punch             |       |     1 ||     1
  Throw: Javelin           |     3 |       ||     3
    Use: Potion            |     1 |     5 ||     6
   Stab: Sleeping          |     3 |     3 ||     6
 Armour: Leather armour    |    13 |    32 ||    45
         Skin              |       |     8 ||     8
  Dodge: Dodged            |    29 |    40 ||    69

Table legend: (Time is in decaauts)
 A = Elapsed time spent in this place.
 B = Non-inter-level travel time spent in this place.
 C = Inter-level travel time spent in this place.
 D = Time resting spent in this place.
 E = Time spent auto-exploring this place.
 F = Levels seen in this place.
 G = Mean time per level.
                   A        B        C        D        E       F      G
               +--------+--------+--------+--------+--------+-----+--------+
         Total |   1724 |   1644 |     80 |    191 |    834 |   6 |  287.3 |
       Dungeon |   1724 |   1644 |     80 |    191 |    834 |   6 |  287.3 |
               +--------+--------+--------+--------+--------+-----+--------+

Top non-repeatable levels by time:
     D:1: 814 daAuts
     D:5: 453 daAuts
     D:2: 361 daAuts
     D:3: 78 daAuts
     D:4: 9 daAuts
     D:6: 7 daAuts
